 Dungeon Crawl Stone Soup version 0.28.0 (webtiles) character file.

Game seed: 5852362438187127436

17 browni3141 the Charlatan (level 2, -3/22 HPs)
             Began as a Palentonga Artificer on Feb 5, 2022.
             Slain by a gnoll (4 damage)
             ... on level 1 of the Dungeon.
             The game lasted 00:02:04 (550 turns).

browni3141 the Charlatan (Palentonga Artificer)      Turns: 550, Time: 00:02:05

Health: -3/22      AC:  4    Str: 15    XL:     2   Next: 44%
Magic:  2/2        EV:  9    Int: 11    God:
Gold:   35         SH:  0    Dex: 10    Spells: 1/1 levels left

rFire   . . .      SeeInvis +   a - +0 club
rCold   . . .      Faith    .   (no shield)
rNeg    . . .      Spirit   .   b - +0 leather armour
rPois   .          Reflect  .   (no helmet)
rElec   .          Harm     .   (no cloak)
rCorr   .          Rampage  .   (no gloves)
Will    .....                   (no barding)
Stlth   +.........              (no amulet)
HPRegen 0.07/turn               (no ring)
MPRegen 0.08/turn               (no ring)

@: no status effects
A: large, rugged brown scales 3, see invisible, deformed body, roll 1, armoured
tail
a: Rolling Charge


You were on level 1 of the Dungeon.
You visited 1 branch of the dungeon, and saw 1 of its levels.

You collected 35 gold pieces.

Inventory:

Hand Weapons
 a - a +0 club (weapon)
Armour
 b - a +0 leather armour (worn)
Jewellery
 f - a +6 ring of dexterity
Wands
 c - a wand of flame (15)
 d - a wand of charming (15)
Miscellaneous
 e - a piece from Xom's chessboard (15/15)


   Skills:
 - Level 1.0 Fighting
 * Level 2.2 Maces & Flails
 - Level 1.5 Armour
 - Level 0.7 Dodging
 - Level 0.5 Stealth
 - Level 2.6 Evocations


You had one spell level left.
You didn't know any spells.
Your spell library contained the following spells:

 Spells                   Type           Power      Damage    Failure   Level
 Confusing Touch          Hex            0%         N/A       78%         3
 Yara's Violent Unravell  Hex/Tmut       0%         3d3       100%        5
 Enfeeble                 Hex            0%         N/A       100%        7


Dungeon Overview and Level Annotations

Branches:
Dungeon (1/15)

Altars:

Shops:
D:1 ?


Innate Abilities, Weirdness & Mutations

You are completely covered in rugged brown scales. (AC +3, +7% HP)
You have supernaturally acute eyesight. (SInv)
Armour fits poorly on your strangely shaped body.
You can roll at nearby foes to attack.
You have a long armoured tail.


Message History

Found an escape hatch in the floor.
The ball python hisses angrily.
A ball python is nearby!
A gnoll comes into view. It is wielding a +0 spear.
The gnoll shouts!
The gnoll hits you with a +0 spear.
You hit the gnoll but do no damage. The gnoll closely misses you.
You barely miss the gnoll. The gnoll barely misses you.
The ball python closely misses you. The gnoll hits you with a +0 spear.
You closely miss the gnoll. You tail-slap the gnoll.
The gnoll is lightly wounded.
The ball python bites you. The gnoll barely misses you.
You closely miss the gnoll.
The gnoll is lightly wounded.
The ball python bites you but does no damage.
The gnoll closely misses you. The ball python closely misses you.
You hit the gnoll but do no damage.
Your tail-slap misses the gnoll.
The gnoll is lightly wounded.
The gnoll hits you but does no damage.
The ball python bites you but does no damage.
You closely miss the gnoll.
The gnoll is lightly wounded.
The ball python barely misses you. The gnoll hits you with a +0 spear.
You completely miss the gnoll. You tail-slap the gnoll.
The gnoll is heavily wounded.
The ball python bites you but does no damage.
The gnoll hits you with a +0 spear.
The ball python bites you but does no damage.
The gnoll hits you with a +0 spear!
* * * LOW HITPOINT WARNING * * *
Unknown command.
The ball python bites you but does no damage.
The ball python bites you but does no damage.
The ball python bites you.
* * * LOW HITPOINT WARNING * * *
You closely miss the ball python. The ball python closely misses you.
You hit the ball python.
You kill the ball python!
The gnoll hits you from afar with a +0 spear.
You die... .#.♣.P♣♣ #.........†....#...#.# .#PPPPP

#.##########..#..∩..#.
.#PP...P ##.#
######...#...#.÷ .#P.♣PPP
#..#####.........#.#...
.#PP...P
#..#..............#....
.#PP.P♣♣
#..#####......##.......
.#.PPP. #..# ######.##.#####.
.#.♣.P. ##.##########.##.# #.
.## ###### #....@.g.....##.#
#. #.#
#..##.###.######.##.##.#####.
..# #...##...#####
#.##.##......# #.# #.#(###.##
#...#.##g########.
#.###.#.###.# #.....#..# #.
#...........# #. ##.#.# #.
........##### ##.##.###.#
##### #####...# #....##
#........ #...# #..##.#
.#######


You could see a gnoll.

Vanquished Creatures
  A dart slug (D:1)
  A ball python (D:1)
  3 bats (D:1)
  2 hobgoblins (D:1)
  2 jackals (D:1)
  A kobold (D:1)
  A quokka (D:1)
  A frilled lizard (D:1)
  2 rats (D:1)
14 creatures vanquished.

Notes
Turn   | Place    | Note
-------+----------+-------------------------------------------
     0 | D:1      | browni3141 the Palentonga Artificer began the quest for the
                  | Orb.
     0 | D:1      | Reached XP level 1. HP: 16/16 MP: 1/1
    94 | D:1      | Reached skill level 1 in Maces & Flails
   123 | D:1      | Found Teuss's Magic Scroll Shop.
   225 | D:1      | Reached XP level 2. HP: 21/22 MP: 2/2
   547 | D:1      | HP: 1/22 [ball python (3)]
   550 | D:1      | Slain by a gnoll

Illustrated notes

Levels and vault maps discovered:
D:1:      minmay_arrival_arboretum_small, layout_loops_ring, serial_shops,
          nicolae_diamond_shop, chequers_jeans

Skill      XL: |  1  2 |
---------------+-------+-----
Maces & Flails | 1 2 |  2.2
Fighting       | |  1.0
Armour         | |  1.5
Dodging        | |  0.7
Stealth        | |  0.5
Evocations     | |  2.6

Action                   || total
-------------------------++-------
Melee: Club              ||    60
       Tailslap          ||     4
       Punch             ||     1
 Abil: Rolling Charge    ||     8
Armor: Leather armour    ||    32
Dodge: Dodged            ||    35
